 Dungeon Sprint DCSS version 0.29.1-12-g30fa7ad0bf (webtiles) character file.

Game seed: 8316484026781222052

158 retardedninja the Severer (level 9, -2/111 HPs)
             Began as a Hill Orc Fighter on Dec 16, 2022.
             Was an Initiate of Gozag.
             Slain by an alligator (8 damage)
             ... in the Dungeon (Sprint VI: "Thunderdome") on Dec 19, 2022.
             The game lasted 00:05:22 (646 turns).

retardedninja the Severer (Hill Orc Fighter)         Turns: 646, Time: 00:05:23

Health: -2/111     AC: 10    Str: 28    XL:     9   Next: 1%
Magic:  9/9        EV:  6    Int:  8    God:    Gozag
Gold:   545        SH:  0    Dex: 10    Spells: 8/8 levels left

rFire   . . .      SeeInvis .   a - +0 war axe
rCold   . . .      Faith    .   e - +4 tower shield of Uptik {+Inv Str+5}
rNeg    . . .      Spirit   .   b - +0 scale mail
rPois   .          Reflect  .   (no helmet)
rElec   .          Harm     .   (no cloak)
rCorr   .          Rampage  .   d - +0 pair of gloves
Will    .....      NoTele   +   (no boots)
Stlth   ..........              (no amulet)
HPRegen 0.28/turn               (no ring)
MPRegen 0.11/turn               (no ring)

@: confused, berserking, very quick
A: no striking features
a: Renounce Religion, Evoke Invisibility, Potion Petition, Call Merchant, Bribe
Branch


You were in the Dungeon.
You worshipped Gozag.
Gozag was pleased with you.
You visited 1 branch You collected 1736 gold pieces.
You spent 1191 gold pieces at shops.

Inventory:

Hand Weapons
 a - a +0 war axe (weapon)
Armour
 b - a +0 scale mail (worn)
 c - a +0 buckler
 d - a +0 pair of gloves (worn)
 e - the +4 tower shield of Uptik (worn) {+Inv Str+5}
   (You bought it in a shop in the Dungeon)

   Str:       It affects your strength (+5).
   +Inv:      It lets you turn invisible.
Wands
 k - a wand of acid (5)
 l - a wand of iceblast (5)
Scrolls
 j - 4 scrolls of blinking
 m - 3 scrolls of fog
Potions
 f - 6 potions of heal wounds
 g - 4 potions of haste
 h - 2 potions of magic
 n - a potion of resistance


   Skills:
 - Level 5.5 Fighting
 + Level 20.0 Axes
 * Level 12.4 Armour
 - Level 4.8 Shields


You had 8 spell levels left.
You didn't know any spells.
Your spell library was empty.

Dungeon Overview and Level Annotations

Branches:
Dungeon (1/1)

Altars:
Cheibriados
Dithmenos
Fedhas
Gozag
Kikubaaqudgha
Makhleb
Okawaru
Qazlal
Ru
Sif Muna
Trog
Uskayaw
Vehumet
Wu Jian
Xom
Yredelemnul
Zin
The Shining One
Beogh
Lugonu

Shops:
D *[??*?*:[((!!!!


Message History

The spriggan druid shouts!
Something hits you but does no damage. The five-headed hydra bites you! x2
You block the five-headed hydra's attack.
The five-headed hydra barely misses you.
The five-headed hydra bites you!
The four-headed hydra bites you but does no damage.
You block the four-headed hydra's attack.
The four-headed hydra bites you!
* * * LOW HITPOINT WARNING * * *
The four-headed hydra bites you but does no damage.
Unknown command.
You miss something. You barely miss the four-headed hydra.
You slice one of the five-headed hydra's heads off!
The four-headed hydra grows two more!
You hit the six-headed hydra.
You hear some strange, mumbled words.
A stinking cloud appears from out of thin air!
The ball explodes into a vile cloud!
The stinking cloud engulfs you but does no damage.
The stinking cloud engulfs the six-headed hydra but does no damage.
The stinking cloud engulfs something but does no damage.
The stinking cloud engulfs the four-headed hydra but does no damage.
You closely miss something. You barely miss the alligator.
You hack one of the four-headed hydra's heads off!
The three-headed hydra grows two more!
You slash the five-headed hydra!
You lop one of the six-headed hydra's heads off!
The five-headed hydra grows two more!
You slash the seven-headed hydra!
You are engulfed in noxious fumes.
You choke on the stench!
You are confused.
The seven-headed hydra bites you but does no damage. x2
The seven-headed hydra closely misses you.
The seven-headed hydra barely misses you.
The seven-headed hydra bites you!
* * * LOW HITPOINT WARNING * * *
The seven-headed hydra bites you!
* * * LOW HITPOINT WARNING * * *
The seven-headed hydra bites you but does no damage.
The alligator is engulfed in noxious fumes.
The alligator bites you!
You die...
Your body crumbles into a pile of gold.

##⌠⌠⌠## #.....# ##.....##
##∩.....∩## #∩.......∩#
#_......._# #_......._#
#_..☼{○.._# ###...D@t...###
#⌠....§.D....⌠#
######.8.....i...8.######
##.___......###......__.∩##
###∩........8.# #.8........∩###
##.............###.............##
#⌠..........###...###..........⌠#
#⌠..........# #.<.# #..........⌠#
#⌠..........###...###..........⌠#


You could see an alligator (swift), a seven-headed hydra (summoned), a
five-headed hydra (summoned) and a spriggan druid.

Vanquished Creatures
  A shining eye (D)
  2 dream sheep (D)
  A yak (D)
  3 floating eyes (D)
  5 scorpions (D)
  3 jellies (D)
  2 hell rats (D)
  5 endoplasms (D)
22 creatures vanquished.

Notes
Turn   | Place    | Note
-------+----------+-------------------------------------------
     0 | D        | retardedninja the Hill Orc Fighter began the quest for the
                  | Orb.
     0 | D        | Reached XP level 1. HP: 19/19 MP: 1/1
     2 | D        | Found an opulent altar of Gozag.
     2 | D        | Found a sacrificial altar of Ru.
     3 | D        | Found a shimmering altar of Xom.
     3 | D        | Found a snail-covered altar of Cheibriados.
     4 | D        | Found a stormy altar of Qazlal.
     5 | D        | Found Wuarphig's Distillery.
     5 | D        | Found Uve Qakh's Do-It-Yourself Clinic.
     5 | D        | Round 1.
     6 | D        | Found Ixko's Distillery.
     6 | D        | Found Hiaxigof's Bottled Wisdom.
     7 | D        | Found an iron altar of Okawaru.
     8 | D        | Found Amoesuny's Staff Store.
    12 | D        | Became a worshipper of Gozag Ym Sagoz the Greedy
    68 | D        | Noticed a jelly
    73 | D        | Reached skill level 3 in Axes
    75 | D        | HP: 1/20 [acid (5)]
    78 | D        | Killed a jelly
    79 | D        | Reached skill level 5 in Fighting
    79 | D        | Reached skill level 4 in Axes
    79 | D        | Reached XP level 2. HP: 22/29 MP: 2/2
    79 | D        | Reached XP level 3. HP: 28/36 MP: 3/3
    87 | D        | Arena points: 14 (+14) [x2]
    93 | D        | Found a blossoming altar of Fedhas.
    93 | D        | Found a glowing golden altar of the Shining One.
    93 | D        | Found an ornate altar of the Wu Jian Council.
    93 | D        | Found Paxeg's Magic Scroll Shop.
    94 | D        | Found Loxiuj's Must-Have Magic.
    94 | D        | Found Joganuun's Magic Scroll Shop.
   117 | D        | Bought a potion of experience for 300 gold pieces
   117 | D        | Reached skill level 13 in Axes
   117 | D        | Reached XP level 4. HP: 30/42 MP: 4/4
   122 | D        | Bought 3 potions of heal wounds for 105 gold pieces
   125 | D        | Found a shadowy altar of Dithmenos.
   126 | D        | Found a shimmering blue altar of Sif Muna.
   127 | D        | Found a bloodstained altar of Trog.
   127 | D        | Found Muplics's Weapon Rack.
   129 | D        | Found Kygok's Basic Armour.
   129 | D        | Found Xyzxoach's Miscellaneous Merchandise.
   136 | D        | Found Taeparch's Premium Goods.
   136 | D        | Found a basalt altar of Yredelemnul.
   136 | D        | Found a corrupted altar of Lugonu.
   138 | D        | Bought a +0 pair of gloves for 54 gold pieces
   138 | D        | Round 2.
   152 | D        | Found a roughly hewn altar of Beogh.
   162 | D        | Noticed a scorpion
   163 | D        | Noticed a scorpion
   163 | D        | Found a burning altar of Makhleb.
   165 | D        | Noticed a scorpion
   167 | D        | Killed a scorpion
   168 | D        | Reached XP level 5. HP: 34/48 MP: 5/5
   181 | D        | Reached skill level 14 in Axes
   181 | D        | Found a radiant altar of Vehumet.
   186 | D        | Reached skill level 15 in Axes
   186 | D        | Reached XP level 6. HP: 26/56 MP: 6/6
   221 | D        | Arena points: 50 (+36) [x3]
   224 | D        | Found Zesumeolur's Identification Station.
   275 | D        | Round 3.
   275 | D        | Noticed a floating eye
   277 | D        | Noticed a shining eye
   279 | D        | Killed a floating eye
   280 | D        | Reached skill level 16 in Axes
   280 | D        | Reached XP level 7. HP: 41/61 MP: 7/7
   293 | D        | Killed a shining eye
   294 | D        | Reached skill level 17 in Axes
   294 | D        | Reached skill level 10 in Armour
   306 | D        | Found Ivugel's Advanced Armour.
   307 | D        | Found Ogoj's Jewellery.
   313 | D        | Found a hide-covered altar of Uskayaw.
   313 | D        | Found an ancient bone altar of Kikubaaqudgha.
   313 | D        | Found a glowing silver altar of Zin.
   315 | D        | Bought a jewelled tower shield for 332 gold pieces
   315 | D        | Identified the +4 tower shield of Uptik {+Inv Str+5} (You
                  | bought it in a shop in the Dungeon)
   342 | D        | Reached XP level 8. HP: 50/69 MP: 8/8
   361 | D        | Paralysed by a floating eye for 3 turns
   369 | D        | Reached skill level 18 in Axes
   388 | D        | Paralysed by a floating eye for 4 turns
   393 | D        | Arena points: 134 (+84) [x4]
   424 | D        | Bought a quad damage for 400 gold pieces
   464 | D        | Round 4.
   476 | D        | Noticed a yak
   488 | D        | Killed a yak
   489 | D        | Reached skill level 19 in Axes
   524 | D        | Noticed a dream sheep
   532 | D        | Noticed a dream sheep
   537 | D        | Killed a dream sheep
   544 | D        | Killed a dream sheep
   545 | D        | Reached skill level 20 in Axes
   545 | D        | Reached XP level 9. HP: 44/74 MP: 9/9
   593 | D        | Arena points: 158 (+24) [x1]
   608 | D        | Round 5.
   618 | D        | Noticed a witch
   639 | D        | Noticed an alligator
   642 | D        | Noticed a four-headed hydra
   643 | D        | Noticed a spriggan druid
   644 | D        | Noticed a four-headed hydra
   646 | D        | Slain by an alligator

Illustrated notes

Levels and vault maps discovered:
D:        arena_sprint

Skill      XL: |  1  2  3  4  5  6  7  8 |
---------------+-------------------------+-----
Fighting       | 5 |  5.5
Axes           | 4 13 15 16 17 20 | 20.0
Armour         | 4 6 7 9 10 12 | 12.4
Shields        | 4 |  4.8

Action                   |  1- 3 |  4- 6 |  7- 9 || total
-------------------------+-------+-------+-------++-------
Melee: War axe           |    13 |    30 |    60 ||   103
Evoke: Quad damage       |       |       |     1 ||     1
  Use: Potion            |     3 |     1 |     1 ||     5
Armor: Scale mail        |     6 |    16 |    11 ||    33
Dodge: Dodged            |     4 |    10 |     6 ||    20
Block: Buckler           |     4 |     4 |       ||     8
       Tower shield      |       |       |    30 ||    30
